AoeStats
← Navix de los Bosques de Lituania

Black Forest

509481403Analyzed
3v3 RM · 4d ago on Sep 26, 2026· 37m 11s· 6 players
Game mode
Random Map
Map size
Normal (6 player)
Population
200
Speed
Normal
Resources
Standard
Victory
Conquest
Starting age
Dark Age
Ending age
Imperial Age
RankedLock teamsTeams togetherTeam positionsShared explorationLock speedFull tech treeHidden civsTurbo modeCheats
Victory
Defeat
🇵🇪 Hindustanis · Peru
877
+14
796
+17
🇪🇸 Goths · Spain
768
+18
🇷🇴 Maya · Romania
860
-51
🇷🇴 Mongols · Romania
837
-43
🇷🇴 Celts · Romania
767
-33
Navix de los Bosques de Lituania
4:15 Loom
14:27 Feudal Age
15:06 Double-Bit Axe
17:53 Wheelbarrow
SerMan911
0:34 Loom
15:21 Feudal Age
17:18 Double-Bit Axe
23:04 Castle Age
21:40 Wheelbarrow
21:09 Scale Mail Armor
24:13 Man-at-Arms
32:51 Hand Cart
32:32 Horse Collar
34:40 Stone Mining
34:45 Gold Mining
39:17 Imperial Age
37:02 Town Watch
37:32 Forging
37:37 Chain Mail Armor
Hankuro
0:33 Loom
13:05 Feudal Age
13:48 Horse Collar
13:58 Double-Bit Axe
16:41 Wheelbarrow
15:53 Town Watch
19:23 Castle Age
17:56 Forging
17:49 Stone Mining
17:53 Gold Mining
18:56 Scale Barding Armor
20:17 Wheelbarrow
20:13 Scale Mail Armor
21:31 Bow Saw
22:05 Iron Casting
24:01 Gold Shaft Mining
24:35 Squires
26:33 Chain Mail Armor
27:19 Arson
31:02 Stone Shaft Mining
31:46 Fletching
33:23 Bodkin Arrow
35:18 Heavy Plow
37:51 Imperial Age
35:37 Hand Cart
35:39 Masonry
35:50 Ballistics
35:26 Murder Holes
37:25 Fortified Wall
37:20 Town Patrol
Szilaj
12:20 Feudal Age
16:20 Castle Age
15:27 Horse Collar
15:36 Double-Bit Axe
15:45 Gold Mining
24:53 Stone Mining
28:05 Bow Saw
27:38 Crossbowman
28:19 Fletching
29:20 Thumb Ring
29:52 Treadmill Crane
nemtudom
1:39 Loom
13:02 Feudal Age
14:14 Man-at-Arms
16:27 Wheelbarrow
27:43 Castle Age
27:42 Padded Archer Armor
27:43 Scale Mail Armor
27:35 Fletching
33:06 Double-Bit Axe
33:48 Hand Cart
Áron
13:01 Feudal Age
16:30 Castle Age
14:32 Double-Bit Axe
16:21 Horse Collar
17:52 Wheelbarrow
21:15 Loom
23:20 Hand Cart
24:10 Town Watch
24:55 Town Patrol
25:27 Heavy Plow
27:53 Bow Saw
30:57 Husbandry
31:08 Bloodlines
31:05 Scale Barding Armor
32:28 Gold Mining
33:18 Coinage
34:00 Forging
Connection lost

Rejoining the realm…

Still unreachable

The connection could not be restored.

Session expired

The server has moved on; the page needs a fresh start.